Cogmind - Beta 13 @@@ ROGUE MODE // 2024.07.24 @ 19:59:14 Player: LegoMDS Result: Destroyed by 73-9RE(R) with Subdweller Shrapnel Launcher Performance ------------- Evolutions (0) 0 Regions Visited (3) 600 Robots Destroyed (23) 115 Value Destroyed (465) 465 Prototype IDs (0) 0 Alien Tech Used (0) 0 Bonus (0) 0 TOTAL SCORE: 1180 Bonus ------- None Cogmind --------- Core Integrity 0/250 Matter 289/300 Energy 125/125 System Corruption 4% Temperature Cool (0) Movement Core (250) Ox4 Location -10/Subcaves Parts ------- > --- POWER (1) -------- Light Ion Engine > --- PROPULSION (2) --- (None) > --- UTILITY (2) ------ Improved Heat Sink Small Storage Unit > --- WEAPON (2) ------- Particle Gun Light Assault Rifle > --- INVENTORY (8) ---- High-capacity Matter Pod (200) Sensor Array Faulty Experimental Sensor Array Targeting Computer Scrap Shield Hacking Suite Beam Cannon Peak State ------------ > --- POWER ------------ Light Nuclear Core > --- PROPULSION ------- Compact Wheel > --- UTILITY ---------- Improved Heat Sink Small Storage Unit > --- WEAPON ----------- Particle Gun Light Assault Rifle > --- INVENTORY -------- Ion Engine High-capacity Matter Pod Visual Processing Unit Sensor Array Terrain Scanner Targeting Computer Hacking Suite Light Assault Rifle [Rating: 12] Favorites ----------- Power Light Ion Engine Engine Light Ion Engine Power Core Light Nuclear Core Propulsion Compact Wheel Wheel Compact Wheel Utility Small Storage Unit Device Improved Heat Sink Storage Small Storage Unit Weapon Light Assault Rifle Energy Gun Particle Gun Ballistic Gun Light Assault Rifle Build | -11 -10 -10 -10 ------- Run | Yrd Mat Min Sub Slots Evolved . | . . . . Power . | . . . . Propulsion . | . . . . Utility . | . . . . Weapon . | . . . . Parts Attached 18 | 6 7 5 . Power 4 | 1 2 1 . Engine 3 | 1 1 1 . Core 1 | . 1 . . Reactor . | . . . . Propulsion 4 | 2 2 . . Treads . | . . . . Leg . | . . . . Wheel 4 | 2 2 . . Hover . | . . . . Flight . | . . . . Utility 4 | 1 2 1 . Device 3 | . 2 1 . Storage 1 | 1 . . . Processor . | . . . . Hackware . | . . . . Protection . | . . . . Artifact . | . . . . Weapon 6 | 2 1 3 . Energy Gun 4 | 1 1 2 . Energy Cannon . | . . . . Ballistic Gun 2 | 1 . 1 . Ballistic Cannon . | . . . . Launcher . | . . . . Special Weapon . | . . . . Impact Weapon . | . . . . Slashing Weapon . | . . . . Piercing Weapon . | . . . . Special Melee Weapon . | . . . . Unidentified Prototypes . | . . . . Parts Lost 7 | . 5 2 . Power 2 | . 1 1 . Propulsion 3 | . 2 1 . Utility 1 | . 1 . . Weapon 1 | . 1 . . Highest Loss Streak 5 | . 5 1 . To Critical Strikes . | . . . . Average Slot Usage (%) 84 | . 85 84 84 Engine 11 | . 13 9 14 Core 2 | . . 4 . Wheel 18 | . 25 14 13 Device 11 | . 7 14 14 Storage 14 | . 14 14 14 Energy Gun 13 | . 11 14 14 Ballistic Gun 12 | . 11 13 14 Naked Turns . | . . . . Heaviest Build 16 | 13 14 16 13 Greatest Support 32 | 32 32 16 16 Greatest Overweight (x) 4 | 2 . . 4 Average Overweight (x) . | . . . . Largest Inventory Capacity 8 | 8 8 8 8 Average Capacity 7 | 6 8 8 8 Most Carried 8 | 5 8 8 8 Average Carried 6 | 2 3 7 7 Final Capacity 8 | 8 8 8 8 Final Carried 8 | 1 8 8 8 Class Distribution -------------------- 54% | Scavenger-Mutant 45% | Mutant Dominant Class ---------------- Mutant | -10/Materials Scavenger-Mutant | -10/Mines Scavenger-Mutant | -10/Subcaves Resources | -11 -10 -10 -10 ----------- Run | Yrd Mat Min Sub Matter Collected 613 | 232 306 75 . Remotely . | . . . . Salvage Created 683 | . 518 165 . Parts 39 | . 27 12 . Haulers Intercepted 1 | . 1 . . Recyclers Shooed 1 | . 1 . . Parts Field Recycled . | . . . . Retrieved Matter . | . . . . Parts Self-Destructed 1 | . . . 1 Prevented . | . . . . Kills | -11 -10 -10 -10 ------- Run | Yrd Mat Min Sub Combat Hostiles Destroyed 14 | . 6 8 . Melee 2 | . 2 . . Guns 12 | . 4 8 . Classes Destroyed 8 | . 7 1 . Worker 1 | . 1 . . Builder 1 | . 1 . . Hauler 1 | . 1 . . Recycler 1 | . 1 . . Operator 2 | . 2 . . Watcher 3 | . 3 . . Swarmer 6 | . . 6 . Grunt 8 | . 6 2 . Best Kill Streak 4 | . 4 3 . Combat Bots Only 3 | . 2 3 . Max Kills in Single Turn 2 | . 2 2 . Gunslinging 1 | . 1 . . Exploded . | . . . . Melee 1 | . 1 . . Uniques/NPCs Destroyed . | . . . . Combat | -11 -10 -10 -10 -------- Run | Yrd Mat Min Sub Hostile Shots Fired 105 | . 72 31 2 Missed 38 | . 31 6 1 Damage Taken 919 | . 601 270 48 Core 267 | . 185 61 21 Absorbed by Shields . | . . . . Core Remaining (%) 100 | 100 . . . Volleys Fired 81 | . 67 13 1 Largest 2 | . 2 2 2 Hottest 115 | . 70 115 85 Shots Fired 149 | . 121 26 2 Gun 149 | . 121 26 2 Cannon . | . . . . Launcher . | . . . . Special . | . . . . Kinetic 75 | . 64 10 1 Thermal 74 | . 57 16 1 Explosive . | . . . . Electromagnetic . | . . . . Robot Hit Streak 10 | . 8 10 1 Robot Miss Streak 5 | . 5 1 1 Penetration Max . | . . . . Secondary Targets 3 | . 1 2 . Max Gunslinging Chain 1 | . 1 1 . Shots Hit Robots 79 | . 59 19 1 Core Hits 46 | . 35 10 1 Critical Kills . | . . . . Critical Parts Destroyed . | . . . . Critical Strikes 1 | . . 1 . Burn 1 | . . 1 . Melee Attacks . | . . . . Impact . | . . . . Slashing . | . . . . Piercing . | . . . . Sneak Attacks . | . . . . Combat Hostiles . | . . . . Follow-up Attacks . | . . . . Damage Inflicted 975 | . 720 248 7 Guns 915 | . 660 248 7 Cannons . | . . . . Explosions . | . . . . Melee . | . . . . Ramming 60 | . 60 . . Kinetic 329 | . 266 56 7 Thermal 586 | . 394 192 . Explosive . | . . . . Electromagnetic . | . . . . Impact . | . . . . Slashing . | . . . . Piercing . | . . . . Highest Corruption 4 | . 4 4 4 Average Corruption 3 | . 1 4 4 Corruption Purged . | . . . . Corruption Blocked . | . . . . Effects 21 | . 5 13 3 Message Errors 4 | . 2 2 . Matter Fused 4 | . . 3 1 Heat Flow Errors 5 | . . 5 . Energy Discharges 3 | . 1 1 1 Parts Rejected 2 | . 1 . 1 Data Loss (minor) 2 | . . 2 . Misfires 1 | . 1 . . Overload Shots . | . . . . Overflow Damage . | . . . . Projectiles . | . . . . Explosions . | . . . . Melee . | . . . . Knockbacks 2 | . 2 . . Impact 2 | . 2 . . Kinetic . | . . . . Secondary . | . . . . Self-Inflicted Damage 25 | . 25 . . Shots . | . . . . Rammed 21 | . 21 . . Targets Rammed 21 | . 21 . . Kicked . | . . . . Crushed . | . . . . Highest Temperature 400 | . 400 369 . Average Temperature 132 | . 125 148 . Received Heat Transfer 426 | . 324 93 9 Effects 2 | . 2 . . Interference 1 | . 1 . . Matter Decay 1 | . 1 . . Siege Activations . | . . . . Robots Corrupted . | . . . . Combat Hostiles . | . . . . Parts Fried . | . . . . Impact Corruptions . | . . . . Robots Melted . | . . . . Combat Hostiles . | . . . . Parts Melted 1 | . . 1 . Heat Transferred 1702 | . 1147 555 . Parts Sabotaged . | . . . . Parts Stolen . | . . . . Parts Stripped . | . . . . Power Chain Reactions . | . . . . Alert | -11 -10 -10 -10 ------- Run | Yrd Mat Min Sub Peak Influence 202 | . 167 202 . Initial 24 | . . 24 . Average 78 | . 50 108 . Maximum Alert Level 1 | . . 1 . Low Security (%) 82 | 100 100 66 . Level 1 17 | . . 33 . Level 2 . | . . . . Level 3 . | . . . . Level 4 . | . . . . Level 5 . | . . . . High Security . | . . . . Max Security . | . . . . Squads Dispatched 2 | . 2 . . Investigation . | . . . . Extermination . | . . . . Reinforcement 2 | . 2 . . Assault . | . . . . Garrison . | . . . . Intercept . | . . . . Searches Triggered . | . . . . Construction Impeded . | . . . . Haulers Reinforced . | . . . . Active Scanning Responses . | . . . . Cargo Convoy Interrupts . | . . . . Stealth | -11 -10 -10 -10 --------- Run | Yrd Mat Min Sub Distress Signals 1 | . 1 . . Communications Jammed . | . . . . Distress Signals . | . . . . Times Spotted 24 | . 13 8 3 Peak Tracking Total 3 | . 3 3 3 Tactical Retreats . | . . . . Traps | -11 -10 -10 -10 ------- Run | Yrd Mat Min Sub Traps Triggered 2 | . 2 . . Indirectly . | . . . . Trap Hack Attempts . | . . . . Triggered . | . . . . Disarmed . | . . . . Reprogrammed . | . . . . Reused . | . . . . Traps Extracted . | . . . . Installed . | . . . . Triggered . | . . . . Machines | -11 -10 -10 -10 ---------- Run | Yrd Mat Min Sub Machines Disabled . | . . . . Max in Single Turn . | . . . . Machines Repaired . | . . . . Machines Dismantled . | . . . . Machines Sabotaged . | . . . . Overloaded Fab Kills . | . . . . Hacking | -11 -10 -10 -10 --------- Run | Yrd Mat Min Sub Machines Accessed 4 | . 2 2 . Terminals 3 | . 2 1 . Fabricators . | . . . . Repair Stations . | . . . . Recycling Units . | . . . . Scanalyzers . | . . . . Garrison Access . | . . . . Total Hacks 11 | . 7 4 . Successful 5 | . 3 2 . Failed 6 | . 4 2 . Catastrophic . | . . . . Database Lockouts . | . . . . Manual 3 | . 3 . . Terminals 10 | . 7 3 . Fabricators . | . . . . Repair Stations . | . . . . Recycling Units . | . . . . Scanalyzers . | . . . . Garrison Access . | . . . . Terminal Hacks 4 | . 2 2 . Open Door 1 | . . 1 . Unreport Threat 1 | . 1 . . Locate Traps 1 | . 1 . . Zone Layout 1 | . . 1 . Fabricator Hacks . | . . . . Repair Station Hacks . | . . . . Recycling Unit Hacks . | . . . . Scanalyzer . | . . . . Garrison Access Hacks . | . . . . Unauthorized Hacks 1 | . 1 . . Terminals 1 | . 1 . . Operators 1 | . 1 . . Fabricators . | . . . . Repair Stations . | . . . . Recycling Units . | . . . . Scanalyzers . | . . . . Garrison Access . | . . . . Data Cores Recovered . | . . . . Used . | . . . . Hacking Detections 3 | . 2 1 . Full Trace Events 1 | . 1 . . Feedback Events . | . . . . Feedback Blocked . | . . . . Robot Schematics Acquired . | . . . . Robots Built . | . . . . Authchips . | . . . . Time . | . . . . Total Robot Build Rating . | . . . . Part Schematics Acquired . | . . . . Parts Built . | . . . . Authchips . | . . . . Time . | . . . . Total Part Build Rating . | . . . . Parts Repaired . | . . . . Time . | . . . . Parts Recycled . | . . . . Recycled Matter . | . . . . Retrieved Matter . | . . . . Retrieved Components . | . . . . Parts Scanalyzed . | . . . . Part Schematics Acquired . | . . . . Parts Damaged . | . . . . Bothacking | -11 -10 -10 -10 ------------ Run | Yrd Mat Min Sub Used RIF Installer . | . . . . Robots Hacked . | . . . . Non-combat . | . . . . Combat . | . . . . Robot Hacks Applied . | . . . . Relay Couplers Released . | . . . . Fabnet Peak Effective % . | . . . . Robots Rewired . | . . . . Allies Hacked . | . . . . Hacks Repelled . | . . . . Allies | -11 -10 -10 -10 -------- Run | Yrd Mat Min Sub Total Allies 2 | . . 2 . Largest Group 2 | . . 2 . Highest-Rated Group 45 | . . 45 . Highest-Rated Ally 31 | . . 31 . Total Orders . | . . . . Ally Attacks . | . . . . Total Damage . | . . . . Kills . | . . . . Allies Corrupted . | . . . . Allies Melted . | . . . . Intel | -11 -10 -10 -10 ------- Run | Yrd Mat Min Sub Robot Analysis Total . | . . . . Derelict Logs Recovered 2 | . . 2 . Drone Launches . | . . . . Drone Recoveries . | . . . . Exploration | -11 -10 -10 -10 ------------- Run | Yrd Mat Min Sub Turns Passed 1300 | 37 517 601 145 Spaces Moved 1012 | 32 301 539 140 Core 19 | 18 . . 1 Treads . | . . . . Legs . | . . . . Wheels 993 | 14 301 539 139 Hover . | . . . . Flight . | . . . . Fastest Speed 50 | 50 100 100 100 Average Speed 99 | 78 100 100 101 Slowest Speed 250 | 150 100 100 250 Overloaded Moves . | . . . . Propulsion Burnouts . | . . . . Robots Hopped . | . . . . Cave-ins Triggered . | . . . . Exploration Rate (%) 41 | 2 52 94 16 Regions Visited 3 Branch Regions 2 Pre-discovered Areas . | . . . . Known Exits Taken . | . . . . Unknown Exits Taken 3 | 1 1 1 . Scrap Searched 3 | . . 3 . Spaces Dug . | . . . . Terrain Destroyed . | . . . . Melee . | . . . . Projectile . | . . . . AOE . | . . . . Terrain Rammed . | . . . . Walls Destroyed . | . . . . Machines Disabled . | . . . . Actions | -11 -10 -10 -10 --------- Run | Yrd Mat Min Sub Total 1172 | 42 408 578 144 Wait 9 | . 1 8 . Move 1009 | 31 300 538 140 Hop . | . . . . Pick Up 25 | 5 12 7 1 Fast Attach 4 | 2 1 1 . Attach 10 | 4 5 1 . Detach . | . . . . Swap 4 | . 1 3 . Drop 9 | . . 7 2 Fire 81 | . 67 13 1 Melee . | . . . . Ram 21 | . 21 . . Kick . | . . . . Crush . | . . . . Escape Stasis . | . . . . Rewire . | . . . . Trap . | . . . . Miscellaneous . | . . . . Route ------- -11/Scrapyard -10/Materials (discovered 2 exits: [*Mat] / *Min) -10/Mines (discovered 3 exits: [*Mat x2] / [*Sub]) -10/Subcaves History --------- Turn | Location | Event 11 | -11/Scrapyard | Discovered new exit (range 15) 38 | -11/Scrapyard | Entered Materials 305 | -10/Materials | Discovered new exit (range 15) 312 | -10/Materials | Build established: Mutant 371 | -10/Materials | Discovered new exit (range 15) 499 | -10/Materials | Core integrity fell below 50% 527 | -10/Materials | Lost 5 parts (1p2n1u1w) 555 | -10/Materials | Entered Mines 587 | -10/Mines | Core integrity fell below 20% 635 | -10/Mines | Learned location of 1 exit from Materials 692 | -10/Mines | Found a damaged Exp. Sensor Array with a note attached 694 | -10/Mines | Found Prototype Device 819 | -10/Mines | Found the Drone Emporium 825 | -10/Mines | Found Prototype Device 892 | -10/Mines | Discovered new exit (range 15) 901 | -10/Mines | Learned 4 Materials zone layouts 906 | -10/Mines | Build established: Scavenger-Mutant 975 | -10/Mines | Discovered new exit (range 8) 1153 | -10/Mines | Discovered new exit (range 3) 1156 | -10/Mines | Entered Subcaves 1297 | -10/Subcaves | Ambushed by swarm of Subdwellers 1301 | -10/Subcaves | Destroyed by 73-9RE(R) with Subdweller Shrapnel Launcher Last Messages --------------- GOAL=ESCAPE YS-MJB(h): "Hey you don't look like the usual menacing locals. I'm on point searching for advanced tech we've heard is being developed in secret down here, seen anything like that?" YS-MJB(h) drops a Scrap Shield: "Protect yourself with this!" Dropped Lgt. Assault Rifle. Dropped Visual Processing Unit. Acquired Scrap Shield. System corrupted: Matter fused (-10). Subatomizers dissect the Lgt. Assault Rifle. System corrupted: Energy discharge (-45). Subatomizers dissect the Lgt. Assault Rifle. A mess of Twisted Machinery falls from the cavern ceiling. 4S-6FZ(R) comes tumbling into view. System corrupted: Com. Wheel rejected. ZL-KRQ(R) emerges from the Twisted Machinery. 73-9RE(R) emerges from the Twisted Machinery. Map ----- +----------------------------------------------------+ | ?????????????????????????????????????????????????? | | ?????????????????????????????????????????????????? | | ?????????????????????????????????????????????????? | | ?????????????????????????????????????????????????? | | ?????????????????????????????????????????????????? | | ?????????????????????????????????????????????????? | | ?????????????????????????????????????????????????? | | ?????????????????????????????????????????????????? | | ?????????????????????????????????????????????????? | | ?????????????????????????????????????????????????? | | ?????????????????????????????????????????????????? | | ?????????????????????????????????????????????????? | | ?????????????????????##??????????????????????????? | | ????????????????????? #??#####??????????????????? | | ????????????????????? ## ##?????????????????? | | ????????????????????? #????????????????? | | ?????????????????????? #???###???????????? | | ?????????????????????? ### #???????????? | | ??????????????????????# #???????????? | | ??????????????????????# #?##?????????? | | ??????????????????#??##" #?## #????????? | | ??????????????????# ??"" #?## ????????? | | ?????????????????## ##RRR ?### ????????? | | ????????????????## #?? ## ####????? | | ????????????????# = #?? ## ?###? | | ???????????????# ## @ #?# ## ?## ## | | ????????????????????## ##? #?# #?# # | | ???????????????# ### ##? #?# ### | | ??????????????# ## #??????# | | ?????????????# #?????### ### | | ????????????# ## #####??# ##?? | | ???????????? ######## g### #### ####??? | | ???????????? #???????# g ## ###?????? | | ???????????? #????????## ##???????? | | ????????????? #???????#### #????????? | | ?????????????# #???????## #????????? | | ??????????????###????????# ##????????? | | ?????????????????????????## #?????????? | | ??????????????????????????## ???? | | ???????????????????????????## | | ????????????????????????????# ## ? | | ????????????????????????????# ## #???? | | ????????????????????????????##################???? | | ?????????????????????????????????????????????????? | | ?????????????????????????????????????????????????? | | ?????????????????????????????????????????????????? | | ?????????????????????????????????????????????????? | | ?????????????????????????????????????????????????? | | ?????????????????????????????????????????????????? | | ?????????????????????????????????????????????????? | +----------------------------------------------------+ Best States ------------- Heat Dissipation 39 Energy Generation 14 Energy Capacity 250 Matter Stores 300 Matter Capacity 300 Sight Range 16 Robot Scan Range 14 Terrain Scan Range 14 Terrain Scan Density 10 Evasion (%) 50 Item Schematics ----------------- None Robot Schematics ------------------ None Fabricated ------------ Nothing Alien Tech Used ----------------- None Achievements -------------- True Hacker Challenges ------------ None Game ------ Seed SmartbombBladeRedirector Manual? 0 Play Time 00:15:20 Cumulative 12.6 hours Start 2024.07.24 @ 19:44:50 End 2024.07.24 @ 19:59:14 Sessions 1 Manual Loads 0 Difficulty Rogue Special Mode None Game No. 10 Rogue 3 Adventurer 7 Explorer 0 Win Type - Total 0 Types 0/0/0/0/0/0/0/0/0 Lore% 20 Gallery% 22 Achievement% 22 Wizard Run 0 Options --------- Layout 1 ASCII 0 Keyboard 0 Movement Mouse Keybinds 0 Fullscreen 1 Font 24/Smallcaps Map View 50x35 Zoom Use 0% Tactical HUD 0 Map Filters NONE Filters NONE Steam 1 RUN: 12c0e996-8edc-4bf6-9138-5b4341b39df4